 Dungeon Crawl Stone Soup version 0.27-a0-170-g607d9e9d85 (webtiles) character file.

Game seed: 18051655971447040421

14765 jasper the Cleaver (level 11, -3/147 HPs)
             Began as a Palentonga Berserker on Jan 28, 2021.
             Was the Champion of Trog.
             Killed from afar by a molten gargoyle (25 damage)
             ... with a bolt of magma
             ... on level 2 of the Lair of Beasts.
             The game lasted 00:19:49 (13121 turns).

jasper the Cleaver (Palentonga Berserker)          Turns: 13121, Time: 00:19:49

Health: -3/147     AC: 18    Str: 24    XL:     11   Next: 93%
Magic:  11/11      EV:  6    Int:  7    God:    Trog [******]
Gold:   206        SH: 10    Dex: 10    Spells: 10/10 levels left

rFire    . . .     SeeInvis +   a - +4 war axe
rCold    . . .     Faith    .   G - +0 buckler
rNeg     + . .     Spirit   .   B - +0 chain mail
rPois    .         Reflect  +   (no helmet)
rElec    .         Harm     .   f - +1 cloak
rCorr    .         Rampage  .   (no gloves)
Will     .....                  (no barding)
Stlth    ..........             k - amulet of reflection
HPRegen  0.34/turn              K - ring of positive energy
MPRegen  0.12/turn              I - ring of wizardry

@: berserking, studying 2 skills, curled up, very quick
A: large, rugged brown scales 3, see invisible, deformed body, roll 1, armoured
tail, reflexive curl
a: Rolling Charge, Renounce Religion, Berserk, Trog's Hand, Brothers in Arms


You were on level 2 of the Lair of Beasts.
You worshipped Trog.
Trog was exalted by your worship.
You visited 2 branches of the dungeon, and saw 13 of its levels.
You also visited: Sewer.

You collected 912 gold pieces.
You spent 706 gold pieces at shops.

Inventory:

Hand Weapons
 a - a +4 war axe (weapon)
 b - a +2 hand crossbow of freezing
 n - a +0 hand axe
 u - a cursed -3 flail
 z - a +1 hand axe of venom
Missiles
 h - 480 stones
 m - 15 poisoned darts
 o - 12 boomerangs (quivered)
 H - 7 bolts
 N - a throwing net
Armour
 f - a +1 cloak (worn)
 g - a +0 ring mail
 y - a +0 animal skin
 B - a +0 chain mail (worn)
 G - a +0 buckler (worn)
Jewellery
 k - an amulet of reflection (around neck)
 l - an uncursed amulet of regeneration {unknown}
 s - an uncursed amulet of magic regeneration {unknown}
 E - an uncursed amulet of magic regeneration {unknown}
 I - a ring of wizardry (right hand)
 K - a ring of positive energy (left hand)
Scrolls
 c - 8 scrolls of remove curse
 d - 16 scrolls of teleportation
 t - 6 scrolls of amnesia
 w - a scroll of enchant armour
 C - 2 scrolls of fear
 F - a scroll of noise
 L - a scroll of summoning
 P - 2 scrolls of random uselessness
Potions
 e - 13 potions of curing
 i - a potion of lignification
 j - 4 potions of might
 p - a potion of berserk rage
 q - 4 potions of brilliance
 r - 2 potions of ambrosia
 v - 8 potions of flight
 x - 3 potions of attraction
 A - a potion of invisibility
 J - 3 potions of heal wounds
 O - a potion of cancellation
 Q - 3 potions of haste
 R - 2 potions of degeneration
Books
 M - a manual of Throwing
 S - a manual of Axes


   Skills:
 + Level 7.2 Fighting
 - Level 14.2 Axes
 + Level 5.2 Crossbows
 + Level 5.7 Armour
 - Level 1.5 Dodging
 + Level 5.3 Shields
 - Level 0.7 Evocations


You had 10 spell levels left.
You didn't know any spells.
Your spell library was empty.

Dungeon Overview and Level Annotations

Branches:
Dungeon (11/15)            Temple (0/1) D:5            Lair (2/6) D:11
 Shoals (0/4) Lair:2        Snake (0/4) Lair:2        Sewer (visited)
    Orc: D:9-12

Altars:
Ashenzari
Elyvilon
Fedhas
Hepliaklqana
Kikubaaqudgha
Makhleb
Nemelex Xobeh
Okawaru
Sif Muna
Vehumet
Wu Jian

Shops:
D:5 !   D:8 !!?!   D:10 (=

Annotations:
D:4 3 runed translucent doors, Demosthentine's ghost, amateur FoFi
D:9 2 transporters, Dittersdorf's ghost, novice GrFi
D:10 exclusion: door
Lair:1 Gastronok


Innate Abilities, Weirdness & Mutations

You are completely covered in rugged brown scales. (AC +3, +7% HP)
You have supernaturally acute eyesight. (SInv)
Armour fits poorly on your strangely shaped body.
You can roll at nearby foes to attack.
You have a long armoured tail.
You curl defensively after being hit.


Message History

A red film seems to cover your vision as you go berserk!
You feel yourself moving faster!
You feel mighty!
The molten gargoyle blasts magma at you!
The bolt of magma hits you!!
* * * LOW HITPOINT WARNING * * *
You now have 40/147 hp.
You feel a strong urge to attack something.
You closely miss the molten gargoyle.
The molten gargoyle blasts magma at you!
The bolt of magma hits you!!
* * * LOW HITPOINT WARNING * * *
You take 19 damage, and have 21/147 hp.
You hit the molten gargoyle.
The molten gargoyle is lightly damaged.
You hit the molten gargoyle but do no damage.
You tail-slap the molten gargoyle.
The molten gargoyle is moderately damaged.
The molten gargoyle blasts magma at you!
The bolt of magma hits you!!
You die...

≈≈≈≈,,....≈.....≈§§.†..§§......*,
≈≈≈≈,,....≈.....≈..§§§§≈§§≈≈...,,
≈≈≈≈,,....≈≈≈.≈≈≈...§§§§≈≈≈§...,,
≈≈≈≈,,..............§≈≈≈≈§≈§..,,,
≈≈≈≈,,..............≈§§§≈≈≈§..,,*
≈≈≈≈,,..............≈§§§≈≈≈≈...,,
≈≈≈≈,,..............§§§§≈§§≈...,,
,,,,,,.............§§§§§§≈≈≈..,,,
,,,,,,.......§..@..§§§§§§§§,,,,**
,,,,,,..§§.§..§§.9..≈§≈§§§,≈,*,,,
,,,,≈≈≈≈§§§§.§§§≈≈≈.≈≈≈≈.≈,,,,,,,
≈,,,≈,...§§§§§§≈≈≈≈.§≈≈≈,≈,,,,,,,
≈,,,≈,.......§≈≈≈≈≈.≈≈≈≈,≈,,,*,,,
≈,,,≈,...≈....≈≈≈≈≈.≈≈§§,≈,,,*,,,
≈,,,≈,...≈....§≈≈≈≈.≈≈≈≈,≈,,,,,,,
≈,,,≈,...≈....≈≈≈≈≈.≈≈≈§,≈,,,*,,,
,,,,,,...≈....§§≈§§.≈≈§≈,≈,,,,,,*


You could see a molten gargoyle.

Vanquished Creatures
  2 hydras (Lair:1)
  2 two-headed ogres
  A cyclops (D:11)
  A gargoyle (D:10)
  2 cane toads (Lair:1)
  3 komodo dragons
  4 blink frogs (Lair:2)
  A polar bear (Lair:1)
  3 trolls (D:11)
  A hornet (D:11)
  Grinder (D:3)
  4 slime creatures (D:8)
  Sigmund (D:3)
  2 wyverns
  2 basilisks (Lair:2)
  A fire elemental (Lair:2)
  Grum (D:9)
  3 wargs (D:11)
  A water moccasin (Lair:1)
  2 orc warriors
  3 ice beasts
  A sky beast (D:10)
  2 phantoms
  2 black bears
  3 ogres
  8 wolves
  7 centaurs
  9 bullfrogs
  A wyvern skeleton (D:6)
  4 scorpions
  4 killer bees (D:10)
  2 vampire bats (D:3)
  9 wights (D:10)
  5 howler monkeys
  2 electric eels (D:10)
  2 lava snakes (Lair:2)
  A bullfrog zombie (D:8)
  5 hounds
  A quasit (D:10)
  4 jellies
  4 centaur zombies
  6 orc priests
  3 orc wizards
  3 bullfrog skeletons
  3 iguanas (D:10)
  A merfolk siren (Sewer)
  4 worker ants
  A merfolk avatar (Sewer)
  2 killer bee zombies
  2 hound skeletons
  A howler monkey zombie (D:6)
  A worker ant zombie (D:9)
  21 adders
  3 gnolls (D:2)
  2 howler monkey skeletons
  4 river rats (Sewer)
  2 shadow imps
  A white imp (D:6)
  2 oozes
  2 ufetubi
  An adder zombie (D:5)
  An adder skeleton (D:4)
  4 worms
  2 dart slugs
  7 leopard geckos
  37 orcs
  4 bat skeletons (D:3)
  A bat zombie (D:3)
  8 giant cockroaches
  6 hobgoblins
  3 jackals (D:6)
  3 quokkas
  4 ball pythons
  3 bats (D:3)
  9 frilled lizards
  4 goblins
  13 kobolds
  A quokka zombie (D:9)
  30 rats
322 creatures vanquished.

Vanquished Creatures (others)
  A fungus (Lair:1)
  33 plants
34 creatures vanquished.

Grand Total: 356 creatures vanquished

Notes
Turn   | Place    | Note
-------+----------+-------------------------------------------
     0 | D:1      | jasper the Palentonga Berserker began the quest for the
                  | Orb.
     0 | D:1      | Reached XP level 1. HP: 20/20 MP: 1/1
     6 | D:1      | Noticed a polar bear
     6 | D:1      | Noticed a wolf
     6 | D:1      | Noticed a snapping turtle
     7 | D:1      | Noticed a swamp drake
   318 | D:1      | Reached XP level 2. HP: 27/27 MP: 2/2
   768 | D:1      | Reached skill level 4 in Axes
   875 | D:2      | Reached XP level 3. HP: 33/33 MP: 3/3
   927 | D:2      | Reached XP level 4. HP: 29/40 MP: 4/4
  1222 | D:2      | Reached skill level 5 in Axes
  1337 | D:2      | Reached ** piety under Trog
  1497 | D:2      | Reached XP level 5. HP: 46/48 MP: 5/5
  1694 | D:2      | Found a radiant altar of Vehumet.
  1903 | D:2      | Reached skill level 6 in Axes
  2111 | D:3      | Found a burning altar of Makhleb.
  2111 | D:3      | Noticed a balrug
  2123 | D:3      | Found a glowing drain.
  2185 | Sewer    | Entered a sewer
  2352 | Sewer    | Reached *** piety under Trog
  2353 | Sewer    | Reached XP level 6. HP: 44/54 MP: 6/6
  2518 | Sewer    | Reached skill level 7 in Axes
  2728 | D:3      | Noticed Sigmund
  2739 | D:3      | Killed Sigmund
  2768 | D:3      | Found a sparkling altar of Nemelex Xobeh.
  3075 | D:3      | Reached skill level 8 in Axes
  3075 | D:3      | Gained mutation: You curl defensively after being hit.
                  | [Palentonga growth]
  3075 | D:3      | Reached XP level 7. HP: 60/60 MP: 7/7
  3077 | D:3      | Noticed Grinder
  3084 | D:3      | Killed Grinder
  3131 | D:3      | Found an ancient bone altar of Kikubaaqudgha.
  3138 | D:3      | Reached skill level 9 in Axes
  3639 | D:4      | Reached **** piety under Trog
  3650 | D:4      | Found an iron altar of Okawaru.
  3838 | D:4      | Reached XP level 8. HP: 64/67 MP: 8/8
  3888 | D:4      | Reached skill level 10 in Axes
  3926 | D:4      | Found a runed translucent gate.
  3961 | D:4      | Found a runed translucent gate.
  3963 | D:4      | Found a runed translucent gate.
  3963 | D:4      | Noticed Demosthentine's ghost (amateur FoFi)
  4417 | D:5      | Entered Level 5 of the Dungeon
  4517 | D:5      | Found a staircase to the Ecumenical Temple.
  4721 | D:5      | Found Wynoethrun's Distillery.
  4726 | D:5      | Bought 2 potions of curing for 66 gold pieces
  4726 | D:5      | Bought a potion of curing for 33 gold pieces
  4726 | D:5      | Bought a potion of curing for 33 gold pieces
  4726 | D:5      | Bought a potion of heal wounds for 55 gold pieces
  4726 | D:5      | Bought a potion of curing for 33 gold pieces
  4726 | D:5      | Bought a potion of might for 44 gold pieces
  5193 | D:6      | Reached skill level 11 in Axes
  5507 | D:6      | Reached ***** piety under Trog
  5975 | D:7      | Reached skill level 12 in Axes
  5975 | D:7      | Reached XP level 9. HP: 63/73 MP: 9/9
  6170 | D:7      | Found a broken altar of Ashenzari.
  6694 | D:8      | Found Syptan's Distillery.
  6735 | D:8      | Bought a potion of haste for 140 gold pieces
  6735 | D:8      | Bought a potion of curing for 42 gold pieces
  6821 | D:8      | Found Laotzamp's Magic Scroll Emporium.
  6879 | D:8      | Found an ornate altar of the Wu Jian Council.
  6905 | D:8      | Reached skill level 13 in Axes
  7343 | D:8      | Found Piopolyxa's Distillery.
  7364 | D:8      | Found Lociega's Distillery.
  7530 | D:8      | Found a hazy altar of Hepliaklqana.
  7551 | D:8      | Noticed a two-headed ogre
  7556 | D:8      | Killed a two-headed ogre
  7557 | D:8      | Reached skill level 14 in Axes
  7557 | D:8      | Reached XP level 10. HP: 82/82 MP: 10/10
  7735 | D:9      | Found a white marble altar of Elyvilon.
  7881 | D:9      | Noticed Grum
  7886 | D:9      | Reached skill level 1 in Shields
  7886 | D:9      | Killed Grum
  7893 | D:9      | Reached skill level 1 in Crossbows
  7930 | D:9      | Found a blossoming altar of Fedhas.
  8100 | D:9      | Found a transporter.
  8101 | D:9      | Noticed Dittersdorf's ghost (novice GrFi)
  8113 | D:9      | Found a transporter.
  8441 | D:10     | Entered Level 10 of the Dungeon
  8928 | D:10     | Found Onomewnolang's Antique Weapon Shoppe.
  9202 | D:10     | Found Seiv's Jewellery Shoppe.
  9206 | D:10     | Noticed a gargoyle
  9219 | D:10     | Killed a gargoyle
  9440 | D:10     | Reached skill level 5 in Fighting
  9730 | D:10     | Found a shimmering blue altar of Sif Muna.
 10409 | D:11     | Identified a scroll of acquirement
 10409 | D:11     | Acquired a manual of Axes
 10431 | D:11     | Reached XP level 11. HP: 94/94 MP: 11/11
 10732 | D:11     | Found a staircase to the Lair.
 10989 | D:11     | Noticed a two-headed ogre
 11003 | D:11     | Killed a two-headed ogre
 11451 | D:8      | Bought a scroll of brand weapon for 260 gold pieces
 11561 | Lair:1   | Entered Level 1 of the Lair of Beasts
 11667 | Lair:1   | Noticed a seven-headed hydra
 11678 | Lair:1   | Killed a seven-headed hydra
 11895 | Lair:1   | Reached skill level 5 in Armour
 12057 | Lair:1   | You fall into a shaft and drop 1 floor!
 12326 | Lair:1   | Noticed a four-headed hydra
 12334 | Lair:1   | Killed a four-headed hydra
 12370 | Lair:1   | Reached skill level 5 in Shields
 12655 | Lair:1   | Noticed Gastronok
 12724 | Lair:2   | Reached skill level 5 in Crossbows
 13032 | Lair:2   | Reached ****** piety under Trog
 13121 | Lair:2   | Killed from afar by a molten gargoyle

Illustrated notes

Levels and vault maps discovered:
D:1:      onia_arrival_zoo_common, layout_basic, hex_large
D:2:      layout_basic, vehumet_crystals, serial_bayou_pond_c
D:3:      layout_loops_ring, kennysheep_vampire_church,
          nicolae_overflow_hidden_temple, makhleb_altar_promises_db,
          gup_sewer_entry_glass, uniq_grinder, uniq_sigmund
D:4:      layout_loops_ring, okawaru_metal_pillars_1_2,
          ebering_ghost_rock_garden
D:5:      layout_loops_ring, minmay_temple_entry_hall, serial_shops,
          kennysheep_little_box, minivault_14
D:6:      layout_rooms, small_statue_intersection
D:7:      layout_cave_pools, basic_altar, minmay_tree_intersection,
          lemuel_statue_altar
D:8:      layout_loops_ring, nzn_hepliaklqana_mist_gate, old_standard_altar,
          serial_shops, kennysheep_mini, nicolae_shop_statue_plus, shop,
          nicolae_shop_waterfront
D:9:      layout_cave_pools, elyvilon_altar_4, lemuel_crystal_altar,
          gammafunk_ghost_stat_death, uniq_grum
D:10:     layout_loops_corners, serial_shops, shop, shop, serial_bayou,
          serial_bayou_pond_b, serial_bayou_pond_e, serial_bayou_pond_d,
          serial_bayou_ford_a, chequers_serial_rivers_small_b, st_stairs_13,
          led_sif_book
D:11:     layout_cave_pods, erik_lair_orcish_takeover, nicolae_lava_and_water
Lair:1:   layout_chaotic_city, chequers_serial_rivers_room_a, fungi_pond_lemuel,
          hibernation_bobbens, uniq_gastronok
Lair:2:   layout_chaotic_city, minmay_shoals_entry_beasts, beast_lair_carwin_11

Skill      XL: |  1  2  3  4  5  6  7  8  9 10 11 |
---------------+----------------------------------+-----
Axes           | 4 5 6 8 9 12 14 | 14.2
Armour         | 4 5 |  5.7
Shields        | 3 5 |  5.3
Crossbows      | 3 5 |  5.2
Fighting       | 5 7 |  7.2
Dodging        | |  1.5
Evocations     | |  0.7

Action                   |  1- 3 |  4- 6 |  7- 9 | 10-12 || total
-------------------------+-------+-------+-------+-------++-------
Melee: Hand axe          |    67 |   156 |   369 |   146 ||   738
       Tailslap          |     8 |    15 |    50 |    41 ||   114
       War axe           |       |       |       |   138 ||   138
 Fire: Hand crossbow     |       |       |       |   147 ||   147
Throw: Stone             |    20 |       |       |       ||    20
       Boomerang         |       |    20 |    17 |    24 ||    61
Invok: Berserk           |     1 |     2 |     6 |     9 ||    18
       Trog's Hand       |       |     1 |     2 |     2 ||     5
 Abil: Rolling Charge    |    12 |     8 |    11 |     6 ||    37
Evoke: Wand              |       |       |       |    17 ||    17
  Use: Scroll            |       |     1 |     9 |    12 ||    22
Armor: Ring mail         |    15 |    33 |       |       ||    48
       Chain mail        |       |     3 |   149 |    97 ||   249
Dodge: Dodged            |    25 |    47 |    78 |    48 ||   198
Block: Other             |     6 |    20 |    32 |       ||    58
       Buckler           |       |       |    61 |    99 ||   160
       Reflection        |       |       |     6 |     8 ||    14

Table legend: (Time is in decaauts)
 A = Elapsed time spent in this place.
 B = Non-inter-level travel time spent in this place.
 C = Inter-level travel time spent in this place.
 D = Time resting spent in this place.
 E = Time spent auto-exploring this place.
 F = Levels seen in this place.
 G = Mean time per level.
                   A        B        C        D        E       F      G
               +--------+--------+--------+--------+--------+-----+--------+
         Total |  13228 |  12778 |    450 |   1627 |   9048 |  14 |  944.9 |
       Dungeon |  11128 |  10700 |    428 |   1531 |   7493 |  11 | 1011.6 |
          Lair |   1582 |   1560 |     22 |     95 |   1174 |   2 |  791.0 |
         Sewer |    518 |    518 |      0 |      0 |    381 |   1 |  518.0 |
               +--------+--------+--------+--------+--------+-----+--------+

Top non-repeatable levels by time:
    D:10: 1875 daAuts
     D:2: 1258 daAuts
    D:11: 1100 daAuts
  Lair:1: 1056 daAuts
     D:8: 1050 daAuts
     D:6: 969 daAuts
     D:3: 967 daAuts
     D:9: 906 daAuts
     D:4: 888 daAuts
     D:1: 871 daAuts
     D:7: 720 daAuts
  Lair:2: 525 daAuts
     D:5: 519 daAuts
   Sewer: 518 daAuts
